 Dungeon Crawl Stone Soup version 0.25-a0-41-g6cf4ce5 (webtiles) character file.

Game seed: 4436250940110360613, levelgen mode: deterministic

1141 TheGoonsmith the Martial Artist (level 8, -6/60 HPs)
             Began as a Merfolk Transmuter on Oct 21, 2019.
             Was an Initiate of Ru.
             Mangled by a manticore (12 damage)
             ... on level 6 of the Dungeon.
             The game lasted 00:15:56 (5898 turns).

TheGoonsmith the Martial Artist (MfTm)              Turns: 5898, Time: 00:15:56

Health: -6/60      AC:  2    Str: 10    XL:     8   Next: 37%
Magic:  1/11       EV: 25    Int: 14    God:    Ru [......]
Gold:   300        SH:  0    Dex: 20    Spells: 6/11 levels left

rFire    . . .     SeeInvis .     - Unarmed
rCold    . . .     Gourm    .   (shield currently unavailable)
rNeg     . . .     Faith    .   (armour currently unavailable)
rPois    x         Spirit   .   (helmet currently unavailable)
rElec    .         Reflect  .   (cloak currently unavailable)
rCorr    .         Harm     .   (gloves currently unavailable)
MR       .....                  (boots currently unavailable)
Stlth    ++........             (no amulet)
HPRegen  0.20/turn              (no ring)
MPRegen  0.12/turn              (no ring)

@: spider-form
A: tiny, (change form in water), (swift swim), (stealthy swim)
a: End Transformation, Renounce Religion


You were on level 6 of the Dungeon.
You worshipped Ru.
Ru was noncommittal.
You were not hungry.
You were a venomous arachnid creature.
You visited 2 branches of the dungeon, and saw 7 of its levels.

You collected 300 gold pieces.

Inventory:

Hand Weapons
 x - the +4 flail of Quohidon {venom, Int+2, unknown}
   (You found it on level 6 of the Dungeon)

   It poisons the flesh of those it strikes.
   It affects your intelligence (+2).
Missiles
 a - 190 arrows
Armour
 b - a +0 robe (melded)
 n - a +1 cloak (melded)
Jewellery
 m - an uncursed ring of fire
Wands
 q - a wand of random effects (14)
 t - a wand of paralysis (4)
 w - a wand of digging (5)
Scrolls
 c - 2 scrolls of identify
 g - 2 scrolls of magic mapping
 h - a scroll of enchant weapon
 i - 4 scrolls of remove curse
 j - 5 scrolls of teleportation
Potions
 e - a potion of curing
 f - 2 potions of degeneration
 k - a potion of resistance
 l - a potion of cancellation
 o - a potion of magic
 p - a potion of heal wounds {unknown}
 r - 3 potions of brilliance
 s - 3 potions of lignification
 v - a potion of might {unknown}
Comestibles
 d - 8 rations
 u - 6 chunks of flesh


   Skills:
 - Level 4.0 Fighting
 - Level 6.2 Dodging
 - Level 8.0 Unarmed Combat
 + Level 2.0 Spellcasting
 + Level 5.2 Transmutations
 - Level 2.1 Poison Magic


You had 6 spell levels left.
You knew the following spells:

 Your Spells              Type           Power        Failure   Level  Hunger
b - Sticks to Snakes      Tmut           ###.....     13%         2    ###....
c - Spider Form           Tmut/Pois      ##........   34%         3    ####...

Your spell library contained the following spells:

 Spells                   Type           Power        Failure   Level  Hunger
 Beastly Appendage        Tmut           ###...       10%         1    ##.....
 Blade Hands              Tmut           ###.......   80%         5    ######.
 Ice Form                 Ice/Tmut       #.......     82%         4    #####..


Dungeon Overview and Level Annotations

Branches:
Dungeon (6/15)             Temple (1/1) D:5

Altars:
Ashenzari
Elyvilon
Fedhas
Gozag
Hepliaklqana
Kikubaaqudgha
Nemelex Xobeh
Okawaru
Qazlal
Ru
Sif Muna
Uskayaw
Vehumet
Wu Jian
Xom
Yredelemnul
Zin
The Shining One


Message History

The manticore flicks its tail.
The volley of spikes hits your adder!
Your adder dies!
The manticore flicks its tail.
The volley of spikes hits your ball python!
Your ball python dies!
Casting: Sticks to Snakes (safe; 13% risk of failure)
Confirm with . or Enter, or press ? or * to list all spells.
You create a snake!
You now have 191 arrows.
You feel better.
Casting: Sticks to Snakes (safe; 13% risk of failure)
Confirm with . or Enter, or press ? or * to list all spells.
You create a snake!
You now have 190 arrows.
The manticore barely misses you. The manticore claws you!
The manticore completely misses you.
You carefully extract the barbed spikes from your body.
The manticore bites you!
* * * LOW HITPOINT WARNING * * *
The manticore completely misses you. The manticore claws you!
You die...

##.#.### #.#†#.##
#+# #......# #.#
###.#<## ##.####
####.#.# #......
.....#.# ##...##
######.######.....#
#..........S#
#########..s###.##..
#.#SH.....!#
#.#####.#### #.. ###


You could see a manticore, a friendly adder and a friendly ball python.

Vanquished Creatures
  Sigmund (D:2)
  2 centaurs
  2 phantoms
  An ogre (D:3)
  A bullfrog (D:2)
  A scorpion (D:4)
  A howler monkey (D:4)
  A hound (D:5)
  An orc priest (D:3)
  A bullfrog skeleton (D:5)
  A jelly (D:5)
  A centaur skeleton (D:5)
  An iguana (D:5)
  Natasha (twice) (D:2)
  6 adders
  A shadow imp (D:5)
  2 oozes
  An adder skeleton (D:4)
  3 worms (D:2)
  4 leopard geckos
  18 orcs
  A ball python (D:5)
  4 giant cockroaches
  6 goblins
  11 hobgoblins
  11 jackals (D:1)
  7 kobolds
  3 quokkas
  5 bats
  3 frilled lizards
  A rat (D:3)
104 creatures vanquished.

Vanquished Creatures (collateral kills)
  A hound (D:4)
  Natasha (D:2)
2 creatures vanquished.

Grand Total: 106 creatures vanquished

Notes
Turn   | Place    | Note
-------+----------+-------------------------------------------
     0 | D:1      | TheGoonsmith the Merfolk Transmuter began the quest for the
                  | Orb.
     0 | D:1      | Reached XP level 1. HP: 15/15 MP: 3/3
    66 | D:1      | Reached XP level 2. HP: 11/21 MP: 3/5
   470 | D:1      | Reached skill level 4 in Unarmed Combat
   470 | D:1      | Reached XP level 3. HP: 20/27 MP: 4/6
  1352 | D:2      | Reached XP level 4. HP: 33/33 MP: 5/7
  1466 | D:2      | Noticed Sigmund
  1483 | D:1      | Learned a level 2 spell: Sticks to Snakes
  1487 | D:1      | Learned a level 3 spell: Spider Form
  1917 | D:2      | Killed Sigmund
  1917 | D:2      | Reached skill level 6 in Unarmed Combat
  1917 | D:2      | Reached XP level 5. HP: 23/38 MP: 2/8
  2062 | D:2      | Found a sparkling altar of Nemelex Xobeh.
  2062 | D:2      | Noticed Natasha
  2069 | D:2      | Killed Natasha
  2200 | D:2      | Noticed Natasha
  2213 | D:2      | Killed Natasha
  2213 | D:2      | Reached skill level 1 in Poison Magic
  2213 | D:2      | Reached XP level 6. HP: 44/44 MP: 5/9
  2335 | D:3      | Found a glowing silver altar of Zin.
  2359 | D:2      | Noticed Natasha
  2362 | D:2      | Killed Natasha
  2760 | D:3      | Reached skill level 5 in Transmutations
  3245 | D:3      | Reached XP level 7. HP: 51/51 MP: 3/10
  3705 | D:4      | Reached skill level 5 in Dodging
  4339 | D:5      | Entered Level 5 of the Dungeon
  4503 | D:5      | Found a staircase to the Ecumenical Temple.
  4524 | Temple   | Entered the Ecumenical Temple
  4644 | Temple   | Became a worshipper of Ru the Awakened
  4740 | D:5      | Identified the +5 spear "Porrerr" {pain, rC+ Int+4}
  4837 | D:5      | Reached skill level 7 in Unarmed Combat
  4837 | D:5      | Reached XP level 8. HP: 35/60 MP: 8/11
  5805 | D:6      | Reached skill level 8 in Unarmed Combat
  5849 | D:6      | Got a fine flail
  5886 | D:6      | Noticed a manticore
  5898 | D:6      | Mangled by a manticore

Levels and vault maps discovered:
D:1:      lemuel_arrival_behind_the_door_large, layout_loops_ring, hex_tiny
D:2:      layout_basic, old_standard_altar, first_ration, uniq_natasha,
          uniq_sigmund
D:3:      layout_rooms, lemuel_round_altar
D:4:      layout_layer_cave
D:5:      layout_basic, minmay_temple_entry_mist
D:6:      layout_loops_corners, serial_shops, kennysheep_little_box,
          minivault_5, minmay_misc_feat_plants, uniq_edmund, uniq_menkaure
Temple:   lightli_temple_of_artemis

Skill      XL: |  1  2  3  4  5  6  7  8 |
---------------+-------------------------+-----
Dodging        | 3 5 6 |  6.2
Transmutations | 3 5 |  5.2
Fighting       | 2 3 4 |  4.0
Unarmed Combat | 4 6 7 8 |  8.0
Poison Magic   | 1 2 |  2.1
Spellcasting   | |  2.0

Action                   |  1- 3 |  4- 6 |  7- 9 || total
-------------------------+-------+-------+-------++-------
Melee: Unarmed           |   101 |   122 |   121 ||   344
       Headbutt          |    11 |     2 |       ||    13
       Punch             |       |     1 |     2 ||     3
 Cast: Beastly Appendage |    20 |     4 |       ||    24
       Sticks to Snakes  |       |    11 |     5 ||    16
       Spider Form       |       |    12 |    17 ||    29
  Use: Scroll            |       |       |    15 ||    15
       Potion            |       |       |     1 ||     1
  Eat: Chunk             |     2 |     9 |     5 ||    16
       Ration            |       |       |     2 ||     2
Armor: Robe              |    14 |    11 |     5 ||    30
       Skin              |       |     3 |     4 ||     7
Dodge: Dodged            |    74 |    92 |    93 ||   259

Table legend:
 A = Non-vault XP
 B = Vault XP
 C = Vault XP percentage of total XP
 D = Non-vault monster count
 E = Vault monster count
 F = Vault count percentage of total count
                 A         B        C        D         E       F
            +---------+---------+-------+---------+---------+-------
      Total |    1450 |     181 |  11.1 |     104 |       2 |   1.9
            +---------+---------+-------+---------+---------+-------
        D:1 |      65 |       0 |   0.0 |      32 |       0 |   0.0
        D:2 |     215 |     181 |  45.7 |      19 |       2 |   9.5
        D:3 |     239 |       0 |   0.0 |      23 |       0 |   0.0
        D:4 |     291 |       0 |   0.0 |       6 |       0 |   0.0
        D:5 |     510 |       0 |   0.0 |      21 |       0 |   0.0
        D:6 |     130 |       0 |   0.0 |       3 |       0 |   0.0
            +---------+---------+-------+---------+---------+-------
